 Dungeon Crawl Stone Soup version 0.25.1-9-gc5326a611f (webtiles) character file.

Game seed: 10802709422203419197

10347 pokeman the Eclecticist (level 11, -6/60 HPs)
             Began as a Deep Elf Wizard on Dec 24, 2020.
             Was an Initiate of Vehumet.
             Engulfed by a cloud of flame (14 damage)
             ... on level 1 of the Lair of Beasts.
             The game lasted 00:36:16 (13634 turns).

pokeman the Eclecticist (Deep Elf Wizard)          Turns: 13634, Time: 00:36:17

Health: -6/60      AC: 13    Str:  4    XL:     11   Next: 35%
Magic:  35/41      EV: 12    Int: 27    God:    Vehumet [......]
Gold:   732        SH:  0    Dex: 13    Spells: 29/40 levels left

rFire    . . .     SeeInvis .   u - +2 dagger (venom)
rCold    + . .     Gourm    .   (no shield)
rNeg     . . .     Faith    +   v - +0 leather armour {rC+}
rPois    .         Spirit   .   M - +0 helmet
rElec    .         Reflect  .   E - +0 cloak
rCorr    .         Harm     .   (no gloves)
MR       +....                  h - +2 pair of boots {run}
Stlth    +.........             A - amulet of faith
HPRegen  0.20/turn              P - +4 ring of protection
MPRegen  0.27/turn              N - ring of magical power

@: confused, quick
A: no striking features
a: Renounce Religion


You were on level 1 of the Lair of Beasts.
You worshipped Vehumet.
Vehumet was noncommittal.
You were not hungry.

You visited 3 branches of the dungeon, and saw 12 of its levels.
You also visited: Ossuary.

You collected 732 gold pieces.

Inventory:

Hand Weapons
 s - a +0 shortbow
 u - a +2 dagger of venom (weapon)
 C - a +2 dagger of electrocution
 D - a +0 arbalest
Missiles
 c - 159 arrows
 g - 55 bolts
Armour
 h - a +2 pair of boots of running (worn)
 v - a +0 leather armour of cold resistance (worn)
 B - a +0 leather armour of fire resistance
 E - a +0 cloak (worn)
 M - a +0 helmet (worn)
Jewellery
 b - an uncursed amulet of guardian spirit
 i - an uncursed ring of protection from cold
 w - an uncursed ring of see invisible
 A - an amulet of faith (around neck)
 N - a ring of magical power (right hand)
 P - a +4 ring of protection (left hand)
Wands
 y - a wand of random effects (15)
 Q - a wand of flame (18)
Scrolls
 a - 4 scrolls of identify
 e - a scroll of enchant armour
 f - 4 scrolls of teleportation
 j - 3 scrolls of enchant weapon
 m - 5 scrolls of remove curse
 o - 2 scrolls of noise
 t - 2 scrolls of fog
Potions
 k - 3 potions of mutation {unknown}
 l - a potion of might {unknown}
 p - a potion of degeneration {unknown}
 q - 3 potions of heal wounds {unknown}
 r - 2 potions of lignification {unknown}
 x - 2 potions of curing {unknown}
 z - 2 potions of brilliance {unknown}
 G - a potion of ambrosia {unknown}
 I - 2 potions of flight {unknown}
 J - 2 potions of haste {unknown}
 K - a potion of invisibility {unknown}
 L - a potion of magic {unknown}
Comestibles
 d - 14 rations


   Skills:
 + Level 3.7 Fighting
 - Level 4.0 Armour
 - Level 4.0 Dodging
 - Level 3.0 Stealth
 * Level 15.3 Spellcasting
 + Level 8.7 Conjurations
 - Level 1.1 Summonings
 - Level 1.1 Translocations
 + Level 7.9 Fire Magic
 - Level 1.0 Air Magic
 - Level 1.0 Poison Magic
 - Level 1.1 Evocations


You had 29 spell levels left.
You knew the following spells:

 Your Spells              Type           Power        Failure   Level  Hunger
a - Magic Dart            Conj           ####         1%          1    None
b - Mephitic Cloud        Conj/Pois/Air  #####...     2%          3    None
c - Call Imp              Summ           ####....     4%          2    None
d - Blink                 Tloc           N/A          4%          2    None
e - Conjure Flame         Conj/Fire      ######..     1%          3    None

Your spell library contained the following spells:

 Spells                   Type           Power        Failure   Level  Hunger
 Slow                     Hex            ###.....     6%          2    None


Dungeon Overview and Level Annotations

Branches:
Dungeon (10/15)            Temple (1/1) D:5            Lair (1/6) D:9
    Orc (0/2) D:9         Ossuary (visited)

Altars:
Ashenzari
Cheibriados
Dithmenos
Elyvilon
Fedhas
Gozag
Hepliaklqana
Kikubaaqudgha
Makhleb
Nemelex Xobeh
Okawaru
Qazlal
Ru
Sif Muna
Trog
Uskayaw
Vehumet
Wu Jian
Xom
Yredelemnul
Zin
The Shining One

Shops:
D:6 (   D:9 (

Annotations:
D:4 2 transporters, Demnio's ghost, novice MiHu


Message History

The komodo dragon is engulfed in noxious fumes.
The komodo dragon appears confused.
The komodo dragon bites you!
Unknown command.
Really walk into that cloud of noxious fumes?
You are engulfed in noxious fumes.
You choke on the stench!
You are confused.
You feel less vulnerable to hostile enchantments.
The porcupine bites you!
* * * LOW HITPOINT WARNING * * *
The komodo dragon is engulfed in noxious fumes.
The fire ignites!
You are struck by the porcupine's spines.
* * * LOW HITPOINT WARNING * * *
You miss the porcupine.
You hear the slow rumble of a very distant avalanche of rocks.
You are engulfed in noxious fumes.
* * * LOW HITPOINT WARNING * * *
The porcupine closely misses you.
You are engulfed in blazing flames.
You die...

...............>..#
............#...........##
........##..#......#.#...#
.......P##..#............##
.(...................^....#
..............°l...$.....#
........................##
........###...°........##
....<## ##P..r@.....##
###### ######..#.## ######


You could see a komodo dragon (confused) and a porcupine.

Vanquished Creatures
  Harold (D:7)
  A two-headed ogre (D:10)
  3 death yaks (D:9)
  Pikel (D:4)
  A merfolk (D:9)
  A troll (D:9)
  A hornet (D:9)
  Grinder (D:5)
  Prince Ribbit (D:7)
  5 hippogriffs
  Sigmund (D:4)
  2 wyverns
  Eustachio (D:6)
  Grum (D:9)
  Edmund (D:5)
  A water moccasin (D:5)
  Duvessa (D:7)
  3 orc warriors
  4 ice beasts
  A slave (D:4)
  2 phantoms
  2 sky beasts
  6 centaurs
  2 ogres
  A necrophage (D:8)
  2 wolves (D:9)
  Blork the orc (D:6)
  2 bullfrogs
  Dowan (D:7)
  A water moccasin zombie (D:10)
  2 scorpions
  9 killer bees
  6 crimson imps
  2 centaur zombies
  2 quasits (D:8)
  An orc priest (D:8)
  8 orc wizards
  5 hounds
  2 centaur skeletons
  2 iguanas
  A bullfrog skeleton (D:6)
  3 worker ants
  A big kobold zombie (Ossuary)
  A hound skeleton (D:5)
  8 mummies (Ossuary)
  A worker ant zombie (D:5)
  14 gnolls
  A howler monkey skeleton (D:10)
  11 adders
  A river rat (D:9)
  3 shadow imps
  An ooze (D:3)
  4 adder zombies
  An adder skeleton (D:4)
  2 worms
  9 leopard geckos
  54 orcs
  2 bats (D:1)
  9 giant cockroaches
  2 gnoll zombies (D:5)
  10 goblins
  6 hobgoblins
  18 jackals
  6 quokkas
  A ball python (D:3)
  3 frilled lizards
  A hobgoblin zombie (Ossuary)
  7 kobolds
  2 kobold zombies (Ossuary)
  4 orc zombies (Ossuary)
  A quokka zombie (D:5)
  11 rats
290 creatures vanquished.

Vanquished Creatures (collateral kills)
  An ice beast (D:8)
  An orc wizard (D:9)
  A gnoll (D:3)
  An orc (D:9)
4 creatures vanquished.

Vanquished Creatures (others)
  A gnoll sergeant (D:10)
  2 plants (D:9)
3 creatures vanquished.

Grand Total: 297 creatures vanquished

Notes
Turn   | Place    | Note
-------+----------+-------------------------------------------
     0 | D:1      | pokeman the Deep Elf Wizard began the quest for the Orb.
     0 | D:1      | Reached XP level 1. HP: 10/10 MP: 7/7
   367 | D:1      | Reached XP level 2. HP: 16/16 MP: 6/9
   880 | D:2      | Reached skill level 5 in Spellcasting
   915 | D:2      | Reached XP level 3. HP: 20/20 MP: 2/11
  1176 | D:2      | Reached skill level 1 in Armour
  1221 | D:2      | Reached skill level 1 in Fighting
  1263 | D:1      | Learned a level 3 spell: Mephitic Cloud
  1266 | D:1      | Learned a level 2 spell: Call Imp
  1269 | D:1      | Learned a level 2 spell: Blink
  1273 | D:1      | Learned a level 3 spell: Conjure Flame
  1507 | D:2      | Found a faded altar of an unknown god.
  1527 | D:2      | Reached XP level 4. HP: 25/25 MP: 4/13
  2161 | D:3      | Noticed an ogre
  2210 | D:3      | Killed an ogre
  2210 | D:3      | Reached skill level 6 in Spellcasting
  2210 | D:3      | Reached XP level 5. HP: 29/29 MP: 1/16
  2770 | D:3      | Reached skill level 7 in Spellcasting
  2774 | D:3      | Reached skill level 1 in Poison Magic
  3091 | D:3      | Reached skill level 1 in Air Magic
  3156 | D:3      | Found a glowing golden altar of the Shining One.
  3191 | D:3      | Reached XP level 6. HP: 31/34 MP: 11/18
  3425 | D:3      | Found an opulent altar of Gozag.
  3604 | D:4      | Found a transporter.
  3802 | D:4      | Reached skill level 1 in Fire Magic
  3923 | D:4      | Found a hazy altar of Hepliaklqana.
  4354 | D:4      | Noticed Pikel
  4354 | D:4      | Noticed a slave
  4355 | D:4      | Noticed a slave
  4355 | D:4      | Noticed a slave
  4355 | D:4      | Noticed a slave
  4364 | D:4      | Killed Pikel
  4364 | D:4      | Reached skill level 9 in Spellcasting
  4364 | D:4      | Reached XP level 7. HP: 38/38 MP: 13/21
  4593 | D:4      | Identified a +2 pair of boots of running (You found it on
                  | level 4 of the Dungeon)
  4598 | D:4      | Noticed Sigmund
  4663 | D:4      | Killed Sigmund
  4663 | D:4      | Reached XP level 8. HP: 37/43 MP: 18/23
  4723 | D:4      | Found a transporter.
  4730 | D:4      | Noticed Demnio's ghost (novice MiHu)
  4967 | D:5      | Entered Level 5 of the Dungeon
  4967 | D:5      | Found a staircase to the Ecumenical Temple.
  4971 | Temple   | Entered the Ecumenical Temple
  5225 | D:5      | Noticed Edmund
  5240 | D:5      | Killed Edmund
  5240 | D:5      | Reached skill level 10 in Spellcasting
  5339 | D:5      | Reached skill level 5 in Conjurations
  5526 | D:5      | Noticed Grinder
  5537 | D:5      | Killed Grinder
  5537 | D:5      | Reached skill level 11 in Spellcasting
  6064 | D:5      | Found a basalt altar of Yredelemnul.
  6356 | D:5      | Reached skill level 1 in Evocations
  6548 | D:6      | Reached XP level 9. HP: 48/48 MP: 15/26
  6747 | D:6      | Noticed Eustachio
  6762 | D:6      | Killed Eustachio
  6978 | D:6      | Found a sacrificial altar of Ru.
  7017 | D:6      | Reached skill level 12 in Spellcasting
  7144 | D:6      | Found Jogh's Antique Weapon Shop.
  7427 | D:6      | Found a burning altar of Makhleb.
  7545 | D:6      | Noticed Blork the orc
  7562 | D:6      | Killed Blork the orc
  7671 | D:7      | Noticed Prince Ribbit
  7681 | D:7      | Killed Prince Ribbit
  7681 | D:7      | Reached skill level 5 in Fire Magic
  7894 | D:7      | Noticed Duvessa
  7901 | D:7      | Noticed Dowan
  7911 | D:7      | Killed Duvessa
  7915 | D:7      | Killed Dowan
  8065 | D:7      | Found a shattered altar of Ashenzari.
  8094 | D:7      | Reached skill level 13 in Spellcasting
  8322 | D:7      | Noticed Harold
  8353 | D:7      | Killed Harold
  8353 | D:7      | Reached XP level 10. HP: 31/56 MP: 14/29
  8573 | D:7      | Found a snail-covered altar of Cheibriados.
  8874 | D:8      | Found a sand-covered staircase.
  8880 | Ossuary  | Entered an ossuary
 11034 | D:9      | Found a staircase to the Orcish Mines.
 11066 | D:9      | Reached skill level 14 in Spellcasting
 11253 | D:9      | Found Ditz's Antique Weapon Shop.
 11312 | D:9      | Noticed Grum
 11330 | D:9      | Killed Grum
 11450 | D:9      | Noticed a death yak
 11451 | D:9      | Noticed a death yak
 11469 | D:9      | Killed a death yak
 11738 | D:9      | Noticed a death yak
 11764 | D:9      | Killed a death yak
 11769 | D:9      | Killed a death yak
 11769 | D:9      | Reached XP level 11. HP: 48/60 MP: 18/31
 12091 | D:9      | Found a staircase to the Lair.
 12207 | D:9      | Found an iron altar of Okawaru.
 12208 | D:9      | Found a bloodstained altar of Trog.
 12225 | D:9      | Reached skill level 15 in Spellcasting
 12337 | D:9      | Found a white marble altar of Elyvilon.
 12871 | D:9      | Found a sparkling altar of Nemelex Xobeh.
 13122 | D:9      | Found a hide-covered altar of Uskayaw.
 13122 | D:9      | Found a radiant altar of Vehumet.
 13129 | D:9      | Became a worshipper of Vehumet
 13284 | D:10     | Entered Level 10 of the Dungeon
 13482 | D:10     | Noticed a two-headed ogre
 13502 | D:10     | Killed a two-headed ogre
 13580 | Lair:1   | Entered Level 1 of the Lair of Beasts
 13634 | Lair:1   | Engulfed by a cloud of flame

Illustrated notes

Levels and vault maps discovered:
D:1:      psy_arrival_terrarium, layout_rooms, serial_bayou_crossing
D:2:      layout_rooms, chequers_ecumenical_altar_simple, serial_forest,
          infiniplex_forest_lined_2, infiniplex_forest_clump_curved,
          infiniplex_forest_clump_diagonal, infiniplex_forest_zigzag_1,
          infiniplex_forest_3_way, infiniplex_forest_clump_double,
          infiniplex_forest_clump_medium, infiniplex_forest_lined_4_way
D:3:      layout_basic, marbit_many_paths, first_ration,
          nicolae_gozag_cash_rules_everything_around_me
D:4:      layout_loops_corners, kennysheep_mini, gammafunk_ghost_stat_death,
          uniq_pikel, uniq_sigmund
D:5:      layout_gridville, lemuel_zombie_altar_yredelemnul,
          minmay_temple_entry_butterflies, uniq_grinder, uniq_edmund
D:6:      layout_rooms, nicolae_ru_sacrificial_ziggurat, basic_altar,
          serial_shops, shop_statue, uniq_blork_the_orc, uniq_eustachio
D:7:      layout_cave_pools, lemuel_doored_altar, evilmike_ruin_ashenzari,
          uniq_duvessa, uniq_harold, uniq_prince_ribbit1
D:8:      layout_cave_pods, enter_ossuary_2, minivault_24
D:9:      layout_long_grid, grunt_temple_overflow_bloody_war, elyvilon_altar_5,
          amethyst_overflow_temple_binary, nemelex_xobeh_ov_fountains_minmay,
          dpeg_lair_monsters, hiddenorc2_lemuel, serial_shops,
          nicolae_shop_overgrown_old_shop, hangedman_fish_farm,
          grunt_ministairs_3, uniq_grum
D:10:     layout_cave_pools, lemuel_mausoleum_altar_kikubaaqudgha
Temple:   chequers_temple_sunken
Lair:1:   layout_gridlike, enter_volcano_1, minmay_shattered_shrine

Skill      XL: |  1  2  3  4  5  6  7  8  9 10 11 |
---------------+----------------------------------+-----
Spellcasting   | 5 6 7 9 11 13 14 15 | 15.3
Armour         | 1 2 4 |  4.0
Fighting       | 1 2 3 |  3.7
Conjurations   | 2 3 4 5 6 8 |  8.7
Poison Magic   | 1 |  1.0
Air Magic      | 1 |  1.0
Stealth        | 3 |  3.0
Fire Magic     | 2 4 5 7 |  7.9
Dodging        | 3 4 |  4.0
Evocations     | 1 |  1.1
Summonings     | |  1.1
Translocations | |  1.1

Action                   |  1- 3 |  4- 6 |  7- 9 | 10-12 || total
-------------------------+-------+-------+-------+-------++-------
Melee: Unarmed           |    24 |    11 |       |       ||    35
       Dagger            |       |    16 |    96 |   133 ||   245
 Cast: Magic Dart        |    87 |   143 |   214 |   345 ||   789
       Call Imp          |       |     3 |     2 |     8 ||    13
       Mephitic Cloud    |       |    11 |    20 |    36 ||    67
       Conjure Flame     |       |     4 |    14 |    32 ||    50
  Use: Scroll            |       |       |       |    10 ||    10
 Stab: Confused          |       |     4 |    12 |    14 ||    30
  Eat: Chunk             |     2 |     8 |    12 |     9 ||    31
       Ration            |       |       |       |     2 ||     2
Armor: Leather armour    |     6 |     8 |    27 |    80 ||   121
Dodge: Dodged            |    35 |    31 |    64 |   138 ||   268
